 Dungeon Crawl Stone Soup version 0.29-a0-289-g2178c42546 (webtiles) character file.

Game seed: 17692760085990280939

277 kae the Chopper (level 6, -7/56 HPs)
             Began as a Hill Orc Chaos Knight on Mar 17, 2022.
             Was a Plaything of Xom.
             Mangled by an iron imp (14 damage)
             ... summoned by Eustachio
             ... on level 4 of the Dungeon.
             The game lasted 00:01:46 (3380 turns).

kae the Chopper (Hill Orc Chaos Knight)             Turns: 3380, Time: 00:01:46

Health: -7/56      AC:  8    Str: 17    XL:     6   Next: 26%
Magic:  6/6        EV:  7    Int: 12    God:    Xom [..*...]
Gold:   191        SH:  0    Dex: 10    Spells: 5/5 levels left

rFire   . . .      SeeInvis .   a - +0 hand axe (chaos)
rCold   . . .      Faith    .   (no shield)
rNeg    . . .      Spirit   .   i - +0 chain mail
rPois   .          Reflect  .   (no helmet)
rElec   .          Harm     .   (no cloak)
rCorr   .          Rampage  .   (no gloves)
Will    .....                   (no boots)
Stlth   ..........              (no amulet)
HPRegen 0.18/turn               (no ring)
MPRegen 0.10/turn               (no ring)

@: no status effects
A: no striking features
a: Renounce Religion


You were on level 4 of the Dungeon.
You worshipped Xom.
You were a toy of Xom.
You visited 1 branch of the dungeon, and saw 4 of its levels.

You collected 191 gold pieces.

Inventory:

Hand Weapons
 a - a +0 hand axe of chaos (weapon)
Armour
 b - a +2 leather armour
 i - a +0 chain mail (worn)
Jewellery
 f - an amulet of reflection
Wands
 p - a wand of iceblast (24)
Scrolls
 d - 2 scrolls of identify
 e - a scroll of holy word
 j - a scroll of amnesia
 m - a scroll of teleportation
Potions
 g - a potion of curing
 h - 2 potions of degeneration {unknown}
 k - 3 potions of brilliance {unknown}
 l - a potion of magic {unknown}
 n - 2 potions of flight {unknown}
Miscellaneous
 c - a piece from Xom's chessboard (14/15) (quivered)


   Skills:
 + Level 5.5 Fighting
 * Level 7.7 Axes
 - Level 2.1 Armour
 - Level 0.7 Dodging


You had 5 spell levels left.
You didn't know any spells.
Your spell library was empty.

Dungeon Overview and Level Annotations

Branches:
Dungeon (4/15)
 Temple: D:4-7

Altars:
Elyvilon
Makhleb

Annotations:
D:4 Eustachio


Message History

You hit Eustachio.
Eustachio is lightly wounded.
You hit the iron imp.
The iron imp seems to speed up.
Eustachio completely misses you. The iron imp hits you.
You hit the iron imp but do no damage.
The iron imp is poisoned.
The iron imp is moderately wounded.
You hit Eustachio. You burn Eustachio. The iron imp closely misses you.
Eustachio closely misses you.
You hit the iron imp but do no damage.
The iron imp flickers and vanishes!
Deactivating autopickup; reactivate with Ctrl-A.
Xom thinks this is hilarious!
You miss Eustachio. You barely miss the iron imp. Something hits you!
The iron imp hits you. Eustachio closely misses you.
You are too injured to fight recklessly!
You are too injured to fight recklessly!
You are too injured to fight recklessly!
You are too injured to fight recklessly!
You are too injured to fight recklessly!
You are too injured to fight recklessly!
You closely miss Eustachio.
Eustachio is moderately wounded.
You hit something.
Nothing appears to happen.
You hit the iron imp but do no damage. You hit the white imp.
The white imp hits you. The white imp freezes you. Something hits you!
* * * LOW HITPOINT WARNING * * *
Eustachio hits you but does no damage. The iron imp hits you!
* * * LOW HITPOINT WARNING * * *
Okay, then.
Okay, then.
The white imp attacks as you move away!
The white imp hits you but does no damage.
The white imp gestures at you.
The puff of frost hits you but does no damage.
Eustachio attacks as you move away! Eustachio hits you with a +0 falchion.
* * * LOW HITPOINT WARNING * * *
The iguana hisses angrily.
Eustachio gestures wildly while chanting.
Eustachio blinks!
Something hits you!
You die...
Xom thinks this is hilarious!

*###..!.....#,,,,,,,,,,,,,,,*#..#
,,*#........#...*#....#*,,,,*#...
,,,.....##..##..*#....####+**#...
,,,,,...*#..##..*#.......<,,,....
,,**...,*#...#>.,#........,,**..#
****,,,,**,,,#..,#.......,,,****#
*,,,,,*#,,*#..*#....#*,,,,,* #
*,,,,,*#..##..##ยง...#*,,,,** #
*,,,,,+.l.....@{5...##,,,,** #
**,,,,*.....@..5........,,,* #
******...##..##....##..,,,* #
*#*+*#..*####+#*,,,,,* #
*,,,....,,,,,,******** #
*,,....!,,,,,,**,,,,** #
*#......,,,,,,,,,,,,,* #
*#......,,,,,,,,,,,,,* #
*.......**,,,,**,,,,,* #


You could see Eustachio, an iguana, an iron imp (summoned) and a white imp
(summoned).

Vanquished Creatures
  3 hounds
  A gnoll shaman (D:4)
  Jessica (D:2)
  3 gnolls (D:4)
  4 adders
  A white imp (D:3)
  2 dart slugs
  2 orcs
  3 endoplasms
  2 giant cockroaches (D:1)
  6 goblins
  6 hobgoblins
  4 jackals (D:3)
  3 quokkas
  3 ball pythons
  4 bats
  4 frilled lizards
  10 kobolds
  4 rats
66 creatures vanquished.

Notes
Turn   | Place    | Note
-------+----------+-------------------------------------------
     0 | D:1      | kae the Hill Orc Chaos Knight began the quest for the Orb.
     0 | D:1      | Reached XP level 1. HP: 19/19 MP: 1/1
   399 | D:1      | Reached XP level 2. HP: 22/27 MP: 2/2
   712 | D:1      | Reached skill level 5 in Axes
   763 | D:1      | Reached XP level 3. HP: 33/33 MP: 3/3
  1262 | D:1      | XOM: god gift: falchion {god gift}
  1317 | D:1      | XOM: divination: detect items
  1384 | D:2      | XOM: silly message
  1417 | D:2      | Noticed Jessica
  1422 | D:2      | Killed Jessica
  1423 | D:2      | Reached XP level 4. HP: 36/41 MP: 4/4
  1466 | D:2      | Found a burning altar of Makhleb.
  1937 | D:2      | Reached skill level 6 in Axes
  2248 | D:2      | Found a faded altar of an unknown god.
  2375 | D:3      | XOM: stealth player
  2383 | D:3      | Reached XP level 5. HP: 38/47 MP: 5/5
  2655 | D:3      | Reached skill level 5 in Fighting
  2827 | D:3      | XOM: noise
  2853 | D:3      | Found a white marble altar of Elyvilon.
  3085 | D:4      | Reached skill level 7 in Axes
  3089 | D:4      | XOM: cast spell 'Leda's Liquefaction'
  3273 | D:4      | XOM: 2-stop teleportation journey
  3279 | D:4      | Reached XP level 6. HP: 47/56 MP: 6/6
  3370 | D:4      | Noticed Eustachio
  3370 | D:4      | XOM: 5-stop teleportation journey
  3380 | D:4      | Mangled by an iron imp

Illustrated notes

Levels and vault maps discovered:
D:1:      arrival_zaba_pyramid, layout_basic
D:2:      layout_loops_corners, shapermc_ecumenical_altar_hornbeckon,
          basic_altar, kennysheep_generic_room_11, uniq_jessica
D:3:      layout_rooms, nicolae_elyvilon_peaceful_grove, dk_noncrumbling_2
D:4:      layout_gridville, minmay_misc_feat_columns, uniq_natasha,
          uniq_grinder, uniq_eustachio

Skill      XL: |  1  2  3  4  5 |
---------------+----------------+-----
Fighting       | 4 5 |  5.5
Axes           | 5 6 7 |  7.7
Armour         | |  2.1
Dodging        | |  0.7

Action                   |  1- 3 |  4- 6 || total
-------------------------+-------+-------++-------
Melee: Hand axe          |    81 |   107 ||   188
       Punch             |       |     2 ||     2
Evoke: Piece from Xom's  |       |     2 ||     2
  Use: Scroll            |       |     6 ||     6
Armor: Leather armour    |    20 |       ||    20
       Chain mail        |     7 |    60 ||    67
Dodge: Dodged            |    38 |    57 ||    95

Table legend: (Time is in decaauts)
 A = Elapsed time spent in this place.
 B = Non-inter-level travel time spent in this place.
 C = Inter-level travel time spent in this place.
 D = Time resting spent in this place.
 E = Time spent auto-exploring this place.
 F = Levels seen in this place.
 G = Mean time per level.
                   A        B        C        D        E       F      G
               +--------+--------+--------+--------+--------+-----+--------+
         Total |   3389 |   3254 |    135 |    119 |   2715 |   4 |  847.2 |
       Dungeon |   3389 |   3254 |    135 |    119 |   2715 |   4 |  847.2 |
               +--------+--------+--------+--------+--------+-----+--------+

Top non-repeatable levels by time:
     D:1: 1388 daAuts
     D:2: 999 daAuts
     D:3: 653 daAuts
     D:4: 348 daAuts
